 Dungeon Crawl Stone Soup version 0.26.1-2-gb8aa6d0cf2 (webtiles) character file.

Game seed: 241206920174820604

61 Descartes the Magician (level 3, -4/20 HPs)
             Began as a Deep Elf Wanderer on Mar 7, 2021.
             Killed from afar by Sigmund (10 damage)
             ... with a puff of flame
             ... on level 2 of the Dungeon.
             The game lasted 00:03:12 (1964 turns).

Descartes the Magician (Deep Elf Wanderer)          Turns: 1964, Time: 00:03:13

Health: -4/20      AC:  4    Str: 10    XL:     3   Next: 83%
Magic:  8/11       EV: 12    Int: 17    God:
Gold:   66         SH:  0    Dex: 13    Spells: 10/11 levels left

rFire    . . .     SeeInvis .   a - +0 spear
rCold    . . .     Faith    .   (no shield)
rNeg     . . .     Spirit   .   d - +0 robe
rPois    .         Reflect  .   (no helmet)
rElec    .         Harm     .   (no cloak)
rCorr    .         Rampage  .   o - +1 pair of gloves
Will     .....                  (no boots)
Stlth    ++........             (no amulet)
HPRegen  0.06/turn              (no ring)
MPRegen  0.12/turn              (no ring)

@: no status effects
A: no striking features
a: no special abilities


You were on level 2 of the Dungeon.
You visited 1 branch of the dungeon, and saw 2 of its levels.

You collected 66 gold pieces.

Inventory:

Hand Weapons
 a - a +0 spear (weapon)
Missiles
 e - 19 stones
 k - 2 throwing nets
Armour
 d - a +0 robe (worn)
 o - a +1 pair of gloves (worn)
Scrolls
 f - a scroll of fear
 j - a scroll of enchant weapon {unknown}
 n - 2 scrolls of enchant armour
 r - a scroll of remove curse
Potions
 b - a potion of degeneration {unknown}
 c - a potion of curing
 g - a potion of heal wounds
 h - a potion of haste {unknown}
 i - a potion of resistance {unknown}
 m - a potion of invisibility
 q - 2 potions of ambrosia {unknown}


   Skills:
 - Level 1.0 Fighting
 - Level 1.3 Polearms
 - Level 1.2 Dodging
 - Level 1.2 Stealth
 - Level 1.5 Shields
 + Level 4.5 Spellcasting
 + Level 2.6 Conjurations
 - Level 1.1 Earth Magic


You had 10 spell levels left.
You knew the following spells:

 Your Spells              Type           Power        Failure   Level
a - Magic Dart            Conj           48%          4%          1

Your spell library contained the following spells:

 Spells                   Type           Power        Failure   Level
 Blink                    Tloc           N/A          22%         2
 Call Imp                 Summ           3%           22%         2
 Slow                     Hex            3%           22%         2
 Conjure Flame            Conj/Fire      8%           26%         3
 Mephitic Cloud           Conj/Pois/Air  6%           30%         3


Dungeon Overview and Level Annotations

Branches:
Dungeon (2/15)

Altars:

Annotations:
D:2 Sigmund


Message History

Confirm with . or Enter, or press ? or * to list all spells.
You can't see any susceptible monsters within range! (Use Z to cast anyway.) Unknown command.
Casting: Magic Dart (safe; 4% risk of failure)
Confirm with . or Enter, or press ? or * to list all spells.
You can't see any susceptible monsters within range! (Use Z to cast anyway.) Unknown command.
No target in view!
Something hits you but does no damage.
You closely miss something. You barely miss something. Something hits you!
You miss something. Something hits you.
* * * LOW HITPOINT WARNING * * *
You closely miss something. You barely miss something.
You hear some strange, mumbled words.
A puff of flame appears from out of thin air!
The puff of flame hits you!
Ouch! That really hurt!
You die...

#####.######.##. ..
#.....# #.##.
##.######.# ###.##.
.........####.#.##.
#..#####.#......##.
#..#####.#.##...##. #
#..........##...##.
#.#.{#####.####...##.
#...@................
#.##..####.........#.
#..########..#..#.
#............#..#.
#..#.######.##..#.
#..#.# #<......
#..#.# #..##...
##.#.# #..##... #.#.#
#..####.


There were no monsters in sight!

Vanquished Creatures
  2 adders (D:2)
  An ooze (D:1)
  A dart slug (D:1)
  A leopard gecko (D:1)
  5 bats
  3 giant cockroaches
  4 goblins
  5 hobgoblins
  3 jackals (D:1)
  A quokka (D:2)
  A frilled lizard (D:2)
  3 kobolds (D:1)
  3 rats
33 creatures vanquished.

Notes
Turn   | Place    | Note
-------+----------+-------------------------------------------
     0 | D:1      | Descartes the Deep Elf Wanderer began the quest for the
                  | Orb.
     0 | D:1      | Descartes set off with the following items: a +0 spear, a
                  | potion of curing, a +0 robe; and the following spell
                  | memorised: Magic Dart; and the following spells available
                  | to memorise: Blink, Call Imp, Slow, Conjure Flame, Mephitic
                  | Cloud
     0 | D:1      | Reached XP level 1. HP: 12/12 MP: 6/6
    96 | D:1      | Reached skill level 1 in Conjurations
   237 | D:1      | Reached XP level 2. HP: 16/16 MP: 4/8
   800 | D:1      | Reached skill level 4 in Spellcasting
  1022 | D:1      | Reached XP level 3. HP: 20/20 MP: 7/10
  1341 | D:2      | Noticed Sigmund
  1964 | D:2      | Killed from afar by Sigmund

Illustrated notes

Levels and vault maps discovered:
D:1:      ebering_trefoil_twist, layout_rooms, kennysheep_nondescript
D:2:      layout_basic, nicolae_dithmenos_through_a_glass_darkly,
          minmay_rat_gold_closets, uniq_crazy_yiuf_cottage, uniq_sigmund

Skill      XL: |  1  2 |
---------------+-------+-----
Conjurations   | 1 2 |  2.6
Spellcasting   | 4 |  4.5
Fighting       | |  1.0
Polearms       | |  1.3
Dodging        | |  1.2
Stealth        | |  1.2
Shields        | |  1.5
Earth Magic    | |  1.1

Action                   || total
-------------------------++-------
Melee: Spear             ||    22
 Cast: Magic Dart        ||    96
  Use: Scroll            ||     7
Armor: Robe              ||     5
Dodge: Dodged            ||    22
